 Dungeon Crawl Stone Soup version 0.27-a0-334-g52645efa06 (webtiles) character file.

Game seed: 9474635715611932083

404 wampuh the Stinger (level 6, -1/42 HPs)
             Began as a Demonspawn Venom Mage on Feb 14, 2021.
             Killed from afar by an orc wizard (9 damage)
             ... with a puff of flame
             ... on level 3 of the Dungeon.
             The game lasted 00:09:56 (5362 turns).

wampuh the Stinger (Demonspawn Venom Mage)          Turns: 5362, Time: 00:09:57

Health: -1/42      AC:  6    Str:  9    XL:     6   Next: 56%
Magic:  2/11       EV: 14    Int: 18    God:
Gold:   18         SH:  0    Dex: 19    Spells: 8/12 levels left

rFire    . . .     SeeInvis .   p - +0 whip (drain)
rCold    . . .     Faith    +   (no shield)
rNeg     . . .     Spirit   .   a - +0 robe
rPois    .         Reflect  .   (no helmet)
rElec    .         Harm     .   (no cloak)
rCorr    .         Rampage  .   (no gloves)
Will     .....                  (no boots)
Stlth    +++.......             b - amulet of faith
HPRegen  0.14/turn              f - +4 ring of protection
MPRegen  0.12/turn              k - +6 ring of dexterity

@: no status effects
A: claws 1, foul stench 1
a: no special abilities


You were on level 3 of the Dungeon.
You visited 1 branch of the dungeon, and saw 4 of its levels.

You collected 198 gold pieces.
You spent 180 gold pieces at shops.

Inventory:

Hand Weapons
 j - a +3 dagger
 p - a +0 whip of draining (weapon)
Armour
 a - a +0 robe (worn)
Jewellery
 b - an amulet of faith (around neck)
 f - a +4 ring of protection (left claw)
 k - a +6 ring of dexterity (right claw)
 m - a ring of resist corrosion
 u - a ring of flight
Scrolls
 e - 2 scrolls of teleportation {unknown}
 g - 5 scrolls of noise
 i - a scroll of enchant weapon {unknown}
 o - a scroll of amnesia {unknown}
 r - a scroll of immolation {unknown}
 s - a scroll of fog {unknown}
 t - 3 scrolls of identify {unknown}
 x - a scroll of random uselessness {unknown}
 y - a scroll of fear {unknown}
 A - a scroll of magic mapping {unknown}
Potions
 c - a potion of resistance {unknown}
 d - 4 potions of curing
 h - 3 potions of degeneration
 l - 4 potions of heal wounds
 n - 2 potions of brilliance {unknown}
 q - 2 potions of flight {unknown}
 v - a potion of berserk rage {unknown}
 w - a potion of attraction {unknown}
 z - a potion of lignification


   Skills:
 + Level 0.9 Fighting
 - Level 3.1 Dodging
 - Level 3.0 Stealth
 + Level 3.7 Spellcasting
 + Level 1.3 Transmutations
 * Level 4.9 Poison Magic


You had 8 spell levels left.
You knew the following spells:

 Your Spells              Type           Power        Failure   Level
a - Sting                 Tmut/Pois      56%          4%          1
b - Ignite Poison         Fire/Tmut/Pois 10%          19%         3

Your spell library contained the following spells:

 Spells                   Type           Power        Failure   Level
 Poisonous Vapours        Pois/Air       24%          9%          2
 Olgreb's Toxic Radiance  Pois           21%          19%         4
 Mephitic Cloud           Conj/Pois/Air  9%           22%         3


Dungeon Overview and Level Annotations

Branches:
Dungeon (4/15)
 Temple: D:4-7

Altars:
Dithmenos
Fedhas
Hepliaklqana

Shops:
D:4 !

Annotations:
D:4 2 transporters, Eustachio; Pikel; Zonian's ghost, novice DsIE


Innate Abilities, Weirdness & Mutations

You have sharp fingernails.
You may rarely emit foul miasma when damaged in melee.


Message History

Okay, then.
Casting: Ignite Poison (quite dangerous; 22% risk of failure)
Confirm with . or Enter, or press ? or * to list all spells.
The spell is quite dangerous to cast (22% risk of failure)!
Continue anyway?
You ignite the poison in your surroundings!
The orc warrior seems to burn from within!!!
You kill the orc warrior!
You hit something. Something hits you.
You hear some strange, mumbled words.
A puff of flame appears from out of thin air!
The puff of flame hits you!
You climb upwards.
Reactivating autopickup.
There is a stone staircase leading down here.
Deactivating autopickup; reactivate with Ctrl-A.
You hit something but do no damage. Something hits you.
Casting: Ignite Poison (quite dangerous; 19% risk of failure)
Confirm with . or Enter, or press ? or * to list all spells.
Aiming: Sting (safe; 4% risk of failure)
Press: ? - help, Shift-Dir - straight line You hear some strange, mumbled words.
A puff of flame appears from out of thin air!
The puff of flame hits you!
* * * LOW HITPOINT WARNING * * *
Unknown command.
Casting: Sting (safe; 4% risk of failure)
Confirm with . or Enter, or press ? or * to list all spells.
Aiming: Sting (safe; 4% risk of failure)
Press: ? - help, Shift-Dir - straight line The sting hits something.
Something hits you.
* * * LOW HITPOINT WARNING * * *
Casting: Sting (safe; 4% risk of failure)
Confirm with . or Enter, or press ? or * to list all spells.
Aiming: Sting (safe; 4% risk of failure)
Press: ? - help, Shift-Dir - straight line The sting hits something.
You hear some strange, mumbled words.
A puff of flame appears from out of thin air!
The puff of flame hits you!
You die...

................#...............#
.........>......#...............#
###########.......######'#.......
#.....(........########
#...#...#####..#####...
#...#..................
#...#...#####.####.#.## #...#<{>#
#.# #.#.# ######@######.# #.#.#
#........# #.#.## ########.#
#.#... #.# #..... ### ######


There were no monsters in sight!

Vanquished Creatures
  An orc warrior (D:4)
  An ogre (D:4)
  2 lemures (D:4)
  2 hounds (D:4)
  An iguana (D:3)
  A worker ant (D:4)
  A hound skeleton (D:4)
  4 adders
  3 worms
  2 dart slugs
  2 leopard geckos (D:3)
  2 orcs
  A bat (D:1)
  A giant cockroach (D:2)
  5 goblins
  6 hobgoblins
  4 jackals (D:4)
  A quokka (D:4)
  4 frilled lizards
  8 kobolds
  A leopard gecko skeleton (D:4)
  6 rats
59 creatures vanquished.

Notes
Turn   | Place    | Note
-------+----------+-------------------------------------------
     0 | D:1      | wampuh the Demonspawn Venom Mage began the quest for the
                  | Orb.
     0 | D:1      | Reached XP level 1. HP: 13/13 MP: 3/3
   498 | D:1      | Gained mutation: You may rarely emit foul miasma when
                  | damaged in melee. [demonic ancestry]
   498 | D:1      | Reached XP level 2. HP: 19/19 MP: 5/5
  1144 | D:2      | Found a blossoming altar of Fedhas.
  1304 | D:2      | Reached XP level 3. HP: 18/24 MP: 2/6
  2688 | D:3      | Found a shadowy altar of Dithmenos.
  2742 | D:3      | Gained mutation: You have sharp fingernails. [demonic
                  | ancestry]
  2742 | D:3      | Reached XP level 4. HP: 30/30 MP: 7/7
  3252 | D:4      | Reached skill level 4 in Poison Magic
  3326 | D:4      | Identified the +2 hand crossbow of Truth {flame, rF++
                  | Dex+3}
  3632 | D:4      | Reached XP level 5. HP: 28/35 MP: 9/9
  3805 | D:4      | Noticed an ogre
  3830 | D:4      | Killed an ogre
  4045 | D:4      | Noticed Eustachio
  4114 | D:4      | Found a hazy altar of Hepliaklqana.
  4119 | D:4      | Found Zuite's Distillery.
  4130 | D:4      | Bought a potion of degeneration for 12 gold pieces
  4130 | D:4      | Bought a potion of lignification for 36 gold pieces
  4130 | D:4      | Bought a potion of curing for 36 gold pieces
  4130 | D:4      | Bought a potion of curing for 36 gold pieces
  4130 | D:4      | Bought a potion of heal wounds for 60 gold pieces
  4157 | D:4      | Found a transporter.
  4158 | D:4      | Noticed Zonian's ghost (novice DsIE)
  4181 | D:4      | Reached XP level 6. HP: 21/41 MP: 5/11
  4589 | D:4      | Noticed Pikel
  4613 | D:4      | Learned a level 3 spell: Ignite Poison
  4744 | D:4      | Found a transporter.
  4851 | D:4      | Noticed an orc warrior
  4881 | D:3      | Reached skill level 1 in Transmutations
  5354 | D:4      | Killed an orc warrior
  5362 | D:3      | Killed from afar by an orc wizard

Illustrated notes

Levels and vault maps discovered:
D:1:      nicolae_arrival_washed_ashore, layout_rooms, st_stairs_2
D:2:      layout_loops_corners, fedhas_altar_2
D:3:      layout_basic, grunt_dithmenos_smoke_and_mirrors
D:4:      minmay_clustersquares, layout_gridville, lemuel_crystal_altar,
          kennysheep_mini, temple_hall, gammafunk_ghost_mausoleum, serial_shops,
          nicolae_shop_statue_plus, uniq_pikel, uniq_eustachio

Skill      XL: |  1  2  3  4  5  6 |
---------------+-------------------+-----
Dodging        | 2 3 |  3.1
Stealth        | 2 3 |  3.0
Poison Magic   | 4 |  4.9
Spellcasting   | 3 |  3.7
Transmutations | 1 |  1.3
Fighting       | |  0.9

Action                   |  1- 3 |  4- 6 || total
-------------------------+-------+-------++-------
Melee: Unarmed           |     5 |       ||     5
       Club              |     2 |       ||     2
       Dagger            |    15 |       ||    15
       Whip              |    21 |    65 ||    86
 Cast: Sting             |    40 |    60 ||   100
       Ignite Poison     |       |     1 ||     1
  Use: Scroll            |       |     1 ||     1
 Stab: Sleeping          |     3 |     1 ||     4
Armor: Robe              |    11 |    19 ||    30
Dodge: Dodged            |    40 |    83 ||   123

Table legend: (Time is in decaauts)
 A = Elapsed time spent in this place.
 B = Non-inter-level travel time spent in this place.
 C = Inter-level travel time spent in this place.
 D = Time resting spent in this place.
 E = Time spent auto-exploring this place.
 F = Levels seen in this place.
 G = Mean time per level.
                   A        B        C        D        E       F      G
               +--------+--------+--------+--------+--------+-----+--------+
         Total |   5370 |   5255 |    115 |   2502 |   2001 |   4 | 1342.5 |
       Dungeon |   5370 |   5255 |    115 |   2502 |   2001 |   4 | 1342.5 |
               +--------+--------+--------+--------+--------+-----+--------+

Top non-repeatable levels by time:
     D:4: 1784 daAuts
     D:3: 1517 daAuts
     D:2: 1063 daAuts
     D:1: 1004 daAuts
